Unix NetHack Version 3.7.0-89 Work-in-progress - last build Oct 29 2023 02:39:45 (20cca84197b74dff38aa9bb07c633f6875ef724d,branch:master). Game began 2023-10-30 11:35:40, ended 2023-10-31 01:07:58. BeanNighe, neutral male human Tourist ------ ----- ---- --- --- ---)|..-- |...--- |..| --.--------.-- |.......| |.....-----|..--- |...--.--....--- ---- --.......| --.--...@.---...| --- |..............| --..-- |......|.| |.------o.---..| |.-- --..............| |..*.| --- )..----|.| |..---|....||..| |..---...............| |...-----.-)--------.| --...|--...-|.--- |-............---.|.-- --..--|.....| ---....| |...| |....|...| --............-- ----- --...--..[.-- |...---- ---..-- |....---.| |....|.---...-- |.........-- |.--- --....| --.....|.| --.------....| |..0...<..| --|.| ---- |.....| |.....|.| --- |......-| --...---.----.|.--|..| --.|.-- |.......| ---.----..-- ---- --..............--..-------- |.--- -----...| |...| ---.| |..| -------......%...(.......)--- ---..| |...| |.--- |..-----..| |...............----...----..|.| --.-| --.| --....|.>.| |....--.--.....-- |-........|.| |..-- ---..| --......--- ---------|.....-- |....--..)|.| --...---...--------.......-- ----...-- --.|......^.-- |..........................| |.....| ----.)..|...| |....---.-------------.....| --.|.-- -------..| --..-- --- ---..-- ----- ---- ---- ---- BeanNighe the Sightseer St:13 Dx:9 Co:18 In:13 Wi:6 Ch:17 Neutral Dlvl:6 $:369 HP:0(41) Pw:22(22) AC:4 Xp:5/247 T:2853 Latest messages: You kill the giant bat! You miss the Uruk-hai. The Uruk-hai tries to wield a crude short sword. The Uruk-hai's crude bow is welded to her hand! You miss the Uruk-hai. The Uruk-hai swings her crude bow. The Uruk-hai hits! The Uruk-hai wields a crude bow! You hit the Uruk-hai. # You are now most skilled in mace. The Uruk-hai swings her crude bow. The Uruk-hai hits! You can hear again. You miss the Uruk-hai. Lucey bites the Uruk-hai. The Uruk-hai swings her crude bow at Lucey. The Uruk-hai hits Lucey. You miss the Uruk-hai. The Uruk-hai swings her crude bow. The Uruk-hai hits! The Uruk-hai shoots 2 poisoned crude arrows! The 1st poisoned crude arrow hits Lucey. The 2nd poisoned crude arrow misses Lucey. You are hit by the 2nd poisoned crude arrow. You feel weaker! Lucey bites the Uruk-hai. The Uruk-hai swings her crude bow at Lucey. The Uruk-hai hits Lucey. You hit the Uruk-hai. The Uruk-hai swings her crude bow. The Uruk-hai hits! Lucey bites the Uruk-hai. The Uruk-hai is killed! Lucey misses it. Lucey misses it. Lucey bites it. It thrusts its crude short sword at Lucey. It misses Lucey. Lucey bites it. The Uruk-hai wields a crude bow! Lucey bites it. It thrusts its crude short sword at Lucey. It misses Lucey. Lucey bites it. Lucey eats an Uruk-hai corpse. You hit the Uruk-hai. You hit the Uruk-hai. The Uruk-hai hits! You die... Inventory: Coins ('$') $ - 369 gold pieces Weapons (')') a - 6 uncursed +2 darts (at the ready) E - 2 uncursed +0 darts R - a blessed +0 dagger x - an uncursed +0 mace (weapon in hand) Armor ('[') B - an uncursed +0 cornuthaum A - an uncursed +0 orcish helm (being worn) S - an uncursed +0 pair of iron shoes (being worn) V - an uncursed +0 pair of low boots v - a blessed +1 shield of reflection (being worn) T - an uncursed +0 dwarvish cloak (being worn) n - an uncursed +0 Hawaiian shirt with a sea turtle motif (being worn) Comestibles ('%') g - an uncursed cram ration t - an uncursed cream pie d - an uncursed fortune cookie e - an uncursed orange j - 2 uncursed sprigs of wolfsbane f - an uncursed tripe ration y - an uncursed tripe ration h - an uncursed tin of pureed jackal meat c - 2 uncursed tins of stir fried jackal meat b - an uncursed egg F - 2 uncursed lichen corpses Scrolls ('?') U - a cursed scroll of blank paper q - an uncursed scroll of create monster C - a blessed scroll of light m - a blessed scroll of magic mapping l - an uncursed scroll of magic mapping Q - an uncursed scroll of scare monster P - a blessed scroll of teleportation Potions ('!') D - an uncursed potion of blindness k - 2 uncursed potions of extra healing O - an uncursed potion of extra healing r - an uncursed potion of invisibility s - a blessed potion of monster detection H - a cursed potion of monster detection Y - an uncursed potion of restore ability Rings ('=') I - an uncursed ring of fire resistance Z - a cursed ring of invisibility G - an uncursed ring of regeneration Wands ('/') u - an uncursed wand of digging (0:3) M - an uncursed wand of striking (0:5) Tools ('(') w - a cursed can of grease (0:15) p - an uncursed credit card o - an uncursed expensive camera (0:87) i - an uncursed +0 pick-axe z - an uncursed tallow candle W - an uncursed towel Gems/Stones ('*') L - 2 uncursed worthless pieces of blue glass J - 2 uncursed worthless pieces of green glass K - an uncursed worthless piece of red glass X - an uncursed worthless piece of white glass N - an uncursed worthless piece of yellow glass BeanNighe the Tourist's attributes: Background: You were a Sightseer, a level 5 male human Tourist. You were neutral, nominally on a mission for The Lady who was opposed by Blind Io (lawful) and Offler (chaotic). You were in the Gnomish Mines, on level 6. You entered the dungeon 2853 turns ago. It was nighttime. There was a full moon in effect when your adventure ended. You had 247 experience points, 73 more were needed to attain level 6. Basics: You had 0 out of 41 hit points. You had all 22 energy points (spell power). Your armor class was 4. Your wallet contained 369 zorkmids. Autopickup was on for '$?!"=/*', with exceptions. Final Characteristics: Your strength was 13 (peak:14, limit:18/100). Your dexterity was 9 (limit:18). Your constitution was 18 (limit:18). Your intelligence was 13 (limit:18). Your wisdom was 6 (limit:18). Your charisma was 17 (limit:18). Final Status: You weren't hungry. You were unencumbered. You were wielding a mace. You had basic skill with mace. Final Attributes: You were piously aligned. You were warded. You had reflection. You were lucky. You are dead. Miscellaneous: You disabled loading of bones levels. Total elapsed playing time was 22 minutes and 13 seconds. Major events: Turn 1: BeanNighe the neutral male human Tourist entered the dungeon 1198: attained the rank of Sightseer (level 3) 1220: entered the Gnomish Mines 2853: killed by an Uruk-hai Vanquished creatures: 2 Uruk-hai a rock mole 4 gnome leaders a paper golem 3 floating eyes 4 dwarves 2 kobold leaders a kobold shaman a giant bat an iguana an acid blob 2 coyotes a gas spore a hobbit a large kobold a hobgoblin 2 cave spiders a yellow mold a red mold 16 gnomes 3 geckos 3 jackals 2 kobolds 4 goblins 5 sewer rats 5 grid bugs 2 lichens 2 kobold zombies 9 newts 82 creatures vanquished. No species were genocided or became extinct. Voluntary challenges: You were an atheist. You read items or engraved 5 times. You engraved Elbereth 1 time. You never genocided any monsters. You never polymorphed an object. You never changed form. You used no wishes. Achievements: You entered a shop. You attained the rank of Sightseer. You entered the Gnomish Mines. The Dungeons of Doom: levels 1 to 6 Level 1: A fountain. Level 2: A fountain. Level 3: A general store, a grave. Level 4: A potion shop, some fountains. Stairs down to The Gnomish Mines. Level 5: "vault" A fountain, a sink, a grave. Level 6: The Gnomish Mines: levels 5 to 6 Level 5: Level 6: <- You were here. Final resting place for you, killed by an Uruk-hai. Game over: ---------- / \ / REST \ / IN \ / PEACE \ / \ | BeanNighe | | 369 Au | | killed by an | | Uruk-hai | | | | | | 2023 | *| * * * | * _________)/\\_//(\/(/\)/\//\/|_)_______ Aloha BeanNighe the Tourist... You died in The Gnomish Mines on dungeon level 6 with 1335 points, and 369 pieces of gold, after 2853 moves. You were level 5 with a maximum of 41 hit points when you died.